 Dungeon Crawl Stone Soup version 0.17-a0-1046-ga09e34d (webtiles) character file.

2293 Fluffy the Cleaver (level 9, 0/82 HPs)
             Began as a Hill Orc Fighter on May 14, 2015.
             Was a Believer of Qazlal.
             Shot with a bolt by an orc warrior (19 damage)
             ... in a bailey on May 15, 2015.
             The game lasted 00:19:12 (7613 turns).

Fluffy the Cleaver (Hill Orc Fighter)               Turns: 7613, Time: 00:19:12

Health: 0/82       AC: 15    Str: 19      XL:     9   Next: 40%
Magic:  13/13      EV:  3    Int: 13      God:    Qazlal [**....]
Gold:   265        SH: 16    Dex: 12 (13) Spells: 0 memorised, 8 levels left

rFire  . . .     SeeInvis .     a - +1 war axe
rCold  . . .     Clarity  .     B - +0 chain mail
rNeg   . . .     SustAb   .     u - +0 large shield
rPois  .         Gourm    .     (no helmet)
rElec  .         Spirit   .     z - +2 cloak
rCorr  +         Warding  .     v - +0 pair of gloves
rMut   .         Stasis   .     (no boots)
MR     +....                    o - amulet of resist corrosion
Stlth  ..........               m - ring of protection from magic
                                j - +5 ring of intelligence

@: somewhat resistant to hostile enchantments, extremely unstealthy
A: deterioration 1, mutation resistance 1, subdued magic 1
a: Upheaval, Renounce Religion


You were in a bailey.
You worshipped Qazlal.
Qazlal was pleased with you.
You were not hungry.

You visited 2 branches of the dungeon, and saw 8 of its levels.
You also visited: Bailey.

You collected 265 gold pieces.

Inventory:

Hand weapons
 a - a +1 war axe (weapon)
Armour
 u - a +0 large shield (worn)
 v - a +0 pair of gloves (worn)
 z - a +2 cloak (worn)
 B - a +0 chain mail (worn)
Jewellery
 j - a +5 ring of intelligence (left hand)
 m - a ring of protection from magic (right hand)
 o - an amulet of resist corrosion (around neck)
 s - an uncursed ring of ice
Magical devices
 c - a wand of flame (33)
 f - a wand of digging (7)
Scrolls
 l - 5 scrolls of teleportation
 q - 2 scrolls of enchant weapon
 y - a scroll of remove curse
Potions
 b - a potion of cure mutation {unknown}
 d - 5 potions of might
 g - a potion of brilliance
 i - a potion of heal wounds {unknown}
 p - 2 potions of curing {unknown}
 r - 2 potions of flight {unknown}
 w - 2 potions of poison {unknown}
 x - a potion of haste {unknown}
Comestibles
 e - 3 bread rations
 h - 4 meat rations
 k - 13 fruits
 n - 2 beef jerkies
 t - 2 chunks of flesh


   Skills:
 + Level 8.6 Fighting
 + Level 9.0 Axes
 + Level 7.8 Armour
 - Level 3.2 Shields
 + Level 6.0 Invocations


You had 8 spell levels left.
You didn't know any spells.

Dungeon Overview and Level Annotations

Branches:
Dungeon (7/15)             Temple (1/1) D:4

Altars:
Ashenzari
Dithmenos
Elyvilon
Fedhas
Gozag
Kikubaaqudgha
Nemelex Xobeh
Okawaru
Qazlal
Ru
Sif Muna
Xom
Yredelemnul
The Shining One

Shops:
D:5 :


Innate Abilities, Weirdness & Mutations

Your body sometimes deteriorates upon taking damage.
You are somewhat resistant to further mutation.
Your spells are a little easier to cast, but a little less powerful.


Message History

You see here 3 bolts.
The orc warrior shoots a bolt.
You block the bolt.
You see here a bolt.
You hit the orc warrior.
The orc warrior is lightly wounded.
The orc appears out of thin air!
An orc comes into view. It is wielding an arbalest.
The orc warrior unwields an uncursed arbalest.
The orc warrior hits you.
An orc comes into view. It is wielding an arbalest.
The orc shouts!
The orc shoots a bolt.
You block the bolt.
The orc warrior shoots a bolt.
The bolt hits you!
The orc warrior wields an uncursed arbalest.
The orc warrior shoots a bolt.
The bolt hits you!
* * * LOW HITPOINT WARNING * * *
The orc shoots a bolt.
You block the bolt.
You see here 7 bolts.
The orc warrior shoots a bolt.
The bolt hits you!!
You die...

#(.......
#........
#(.......
#........
#........
#........
#(.......
#(...o...
#@.......
#(.......
#(.......
#o......≈
#......≈≈
#..o...≈#
#......≈o
#......≈#
#......≈≈


You could see 2 orc warriors and 2 orcs.

Vanquished Creatures
  An oklob plant (D:6)
  An orc warrior (D:6)
  An ice beast (D:5)
  3 ogres
  2 phantoms
  A centaur (D:5)
  A big kobold (D:5)
  The ghost of inmateoo the Conjurer, an average DECj (D:4)
  A scorpion (D:5)
  4 crimson imps
  5 orc priests
  A centaur zombie (D:4)
  An iguana (D:6)
  A gnoll shaman (D:5)
  A jelly (D:6)
  3 orc wizards (D:5)
  5 worker ants
  Natasha (twice) (D:3)
  A hound zombie (D:6)
  4 gnolls
  10 adders
  2 shadow imps
  2 oozes (D:2)
  4 worms (D:2)
  An adder skeleton (D:7)
  2 giant geckos (D:3)
  22 orcs
  9 bats
  A bat skeleton (D:6)
  4 giant cockroaches
  16 hobgoblins
  7 jackals
  A ball python (D:2)
  4 giant newts
  8 goblins
  12 kobolds
  5 quokkas
  12 rats
  5 fungi (D:6)
  2 plants (D:6)
169 creatures vanquished.

Notes
Turn   | Place    | Note
--------------------------------------------------------------
     0 | D:1      | Fluffy the Hill Orc Fighter began the quest for the Orb.
     0 | D:1      | Reached XP level 1. HP: 19/19 MP: 1/1
    25 | D:1      | Reached XP level 2. HP: 25/27 MP: 2/2
    90 | D:1      | Reached skill level 4 in Fighting
   384 | D:1      | Reached XP level 3. HP: 30/33 MP: 3/3
   771 | D:2      | Found an opulent altar of Gozag.
   850 | D:2      | Reached XP level 4. HP: 32/41 MP: 4/4
  1689 | D:2      | Gained mutation: Your body sometimes deteriorates upon taking damage. [potion of mutation]
  1689 | D:2      | Gained mutation: You are somewhat resistant to further mutation. [potion of mutation]
  1689 | D:2      | Gained mutation: Your spells are a little easier to cast, but a little less powerful. [potion of mutation]
  1994 | D:3      | Reached XP level 5. HP: 40/47 MP: 5/5
  2011 | D:3      | Noticed Natasha
  2034 | D:3      | Killed Natasha
  2034 | D:3      | Reached skill level 5 in Fighting
  2782 | D:3      | Noticed Natasha
  2795 | D:3      | Killed Natasha
  3257 | D:4      | Reached skill level 5 in Axes
  3257 | D:4      | Reached XP level 6. HP: 42/56 MP: 6/6
  3300 | D:4      | Noticed inmateoo's ghost (average DECj)
  3306 | D:4      | Killed inmateoo's ghost
  3306 | D:4      | Reached skill level 5 in Armour
  3671 | D:4      | Found a staircase to the Ecumenical Temple.
  3676 | D:4      | Reached skill level 6 in Fighting
  3677 | D:4      | Noticed an ogre
  3714 | D:4      | Killed an ogre
  3714 | D:4      | Reached XP level 7. HP: 12/63 MP: 7/7
  4048 | Temple   | Entered the Ecumenical Temple
  4144 | Temple   | Became a worshipper of Qazlal Stormbringer
  4236 | D:4      | Noticed a phantom
  4269 | D:4      | Killed a phantom
  4269 | D:4      | Reached skill level 1 in Invocations
  4476 | D:4      | Noticed an ogre
  4483 | D:4      | Killed an ogre
  4679 | D:5      | Entered Level 5 of the Dungeon
  4697 | D:5      | Found Isitz's Book Emporium.
  5166 | D:5      | Reached XP level 8. HP: 65/71 MP: 10/10
  5354 | D:5      | Acquired Qazlal's first power
  5364 | D:5      | Found a stormy altar of Qazlal.
  5425 | D:5      | Reached skill level 7 in Fighting
  5864 | D:5      | Acquired Qazlal's second power
  6329 | D:6      | Reached skill level 8 in Axes
  6368 | D:6      | Found a deep blue altar of Sif Muna.
  6430 | D:6      | Reached skill level 5 in Invocations
  6430 | D:6      | Reached XP level 9. HP: 65/81 MP: 12/12
  6612 | D:6      | Found a blossoming altar of Fedhas.
  6625 | D:6      | Noticed an oklob plant
  7301 | D:6      | Upgraded the game from 0.17-a0-1037-gbf358b4 to 0.17-a0-1046-ga09e34d
  7345 | D:6      | Killed an oklob plant
  7490 | D:7      | Reached skill level 9 in Axes
  7560 | D:7      | Found a flagged portal.
  7570 | Bailey   | Entered a bailey
  7613 | Bailey   | Shot with a bolt by an orc warrior

Vault maps used:
D:1:      roderic_chinese_lattice_arrival, amethyst_killhole,
          minmay_crystal_water, st_stairs_11
D:2:      lemuel_doored_altar
D:3:      lemuel_upstairs_altar, uniq_natasha
D:4:      minmay_temple_entry_statues_fountains, first_bread
D:5:      serial_shops, shop, basic_altar
D:6:      basic_altar, tgw_fedhas
D:7:      kennysheep_little_box, basic_altar, enter_bailey_2
Temple:   circular_temple_12
Bailey:   bailey_polearm_2, bailey

Action                   |  1- 3 |  4- 6 |  7- 9 || total
-------------------------+-------+-------+-------++-------
Melee: War axe           |    76 |   220 |   333 ||   629
  Use: Scroll            |     5 |     6 |     1 ||    12
       Potion            |       |     1 |       ||     1
  Eat: Chunk             |       |     9 |    13 ||    22
